 Dungeon Crawl Stone Soup version 0.27-a0-906-g0a00ce863d (webtiles) character file.

Game seed: 7932283505803314813

22127 jestyr24 the Thaumaturge (level 12, -8/84 HPs)
             Began as a Djinni Conjurer on Apr 6, 2021.
             Was a High Priest of the Shining One.
             Killed by an exploding fulminant prism (25 damage)
             ... on level 1 of the Lair of Beasts.
             The game lasted 01:35:51 (16975 turns).

jestyr24 the Thaumaturge (Djinni Conjurer)         Turns: 16975, Time: 01:35:53

Health: -8/84      AC: 14    Str:  6    XL:     12   Next: 97%
Gold:   618        EV:  9    Int: 24    God:    the Shining One [*****.] SH:  0 Dex: 19

rFire    + + +     SeeInvis .   E - +8 short sword (venom)
rCold    x x .     Faith    .   (no shield)
rNeg     + + .     Spirit   .   I - +1 fire dragon scales of Precision Catastrophes {+Blink +Inv rElec rF++ rC- Regen+}
rPois    ∞         Reflect  .   D - +0 helmet
rElec    +         Harm     .   z - +0 cloak
rCorr    .         Rampage  .   (no gloves)
Will     +....                  (boots unavailable)
Stlth    +.........             (no amulet)
HPRegen  1.24/turn              h - +6 ring of dexterity
MPRegen  0.00/turn              p - +4 ring of slaying

@: flying, glowing
A: fire resistance 2, cold vulnerability 1, float, innate caster, hp casting,
extra vitality 1
a: Renounce Religion, Evoke Blink, Evoke Invisibility, Divine Shield, Cleansing
Flame, Summon Divine Warrior


You were on level 1 of the Lair of Beasts.
You worshipped the Shining One.
The Shining One was extremely pleased with you.
You visited 2 branches of the dungeon, and saw 13 of its levels.

You collected 618 gold pieces.

Inventory:

Hand Weapons
 l - the +3 trident of Beyond {freeze, rF+}
   (You acquired it on level 5 of the Dungeon)

   It has been specially enchanted to freeze those struck by it, causing extra
   injury to most foes and up to half again as much damage against particularly
   susceptible opponents.
   It can also slow down cold-blooded creatures.
   It protects you from fire.
 E - a +8 short sword of venom (weapon)
 J - a +5 long sword
Missiles
 c - 3 throwing nets
 o - 10 boomerangs
 x - 24 poisoned darts
 B - 12 curare-tipped darts
 F - 4 silver javelins
Armour
 a - a +0 robe
 t - a +0 hat
 z - a +0 cloak (worn)
 D - a +0 helmet (worn)
 I - the +1 fire dragon scales of Precision Catastrophes (worn) {+Blink +Inv rElec rF++ rC- Regen+}
   (You took it off an orc warrior on level 9 of the Dungeon)

   It greatly protects you from fire.
   It makes you vulnerable to cold.
   It insulates you from electricity.
   It lets you turn invisible.
   It lets you blink.
   It increases your rate of health regeneration.
Magical Staves
 y - a staff of cold
 N - a staff of earth
Jewellery
 f - a +6 ring of dexterity
 h - a +6 ring of dexterity (left hand)
 j - a +4 ring of protection
 p - a +4 ring of slaying (right hand)
 v - a ring of protection from cold
 G - a ring of positive energy
 M - an amulet of regeneration
 O - a +4 ring of evasion
Wands
 e - a wand of polymorph (15)
 u - a wand of acid (5)
 w - a wand of charming (3)
 H - a wand of random effects (35)
Scrolls
 q - 2 scrolls of teleportation
 r - a scroll of enchant weapon
 A - a scroll of noise {unknown}
 C - a scroll of enchant armour
 K - 3 scrolls of identify
Potions
 b - a potion of mutation {unknown}
 d - 12 potions of curing
 g - a potion of resistance
 i - 2 potions of ambrosia
 k - a potion of cancellation
 m - a potion of attraction {unknown}
 n - 2 potions of brilliance
 s - 2 potions of berserk rage
 L - a potion of haste {unknown}
 P - a potion of heal wounds {unknown}
 Q - a potion of lignification {unknown}
 R - a potion of magic {unknown}


   Skills:
 * Level 6.9 Fighting
 - Level 1.1 Polearms
 - Level 8.0 Armour
 - Level 8.5 Dodging
 - Level 4.9 Stealth
 + Level 13.3 Spellcasting
 * Level 2.8 Evocations


You had 9 spell levels left.
You knew the following spells:

 Your Spells              Type           Power      Damage    Failure   Level
a - Shock                 Conj/Air       100%       1d9       1%          1
b - Searing Ray           Conj           100%       3d7       1%          2
c - Stone Arrow           Conj/Erth      100%       3d13      1%          3
d - Fulminant Prism       Conj/Hex       34%        3d16      2%          4
e - Iskenderun's Mystic   Conj/Tloc      69%        2d14      2%          4
f - Magic Dart            Conj           100%       1d8       1%          1
g - Wereblood             Tmut           69%        N/A       1%          2
h - Gell's Gravitas       Tloc           34%        N/A       1%          3
i - Dazzling Flash        Conj/Hex       100%       N/A       1%          3
j - Yara's Violent Unrav  Hex/Tmut       34%        3d14      8%          5
Your spell library was empty.

Dungeon Overview and Level Annotations

Branches:
Dungeon (12/15)            Temple (0/1) D:4            Lair (1/6) D:10
    Orc (0/2) D:11

Altars:
Cheibriados
Dithmenos
Gozag
Hepliaklqana
Kikubaaqudgha
Makhleb
Qazlal
Ru
Sif Muna
Trog
Wu Jian
The Shining One

Shops:
D:4 ?

Annotations:
D:12 2 transporters, chippings's ghost, journeyman DEEE


Innate Abilities, Weirdness & Mutations

You are immune to poison.
Your flesh is very heat resistant. (rF++)
You are vulnerable to cold. (rC-)
You float through the air rather than walking.
You learn spells naturally, not from books.
Your magical power is your life essence.
You have superior vitality. (+4 HP)


Message History

Aim: a queen bee (almost dead, ally target, haloed, 16% to evade)
The stone arrow hits the killer bee!
The killer bee is almost dead.
The killer bee stings you but does no damage.
The killer bee stings you.
* * * LOW HITPOINT WARNING * * *
The queen bee calls on the killer bee to defend it!
The killer bee goes berserk!
Your fulminant prism crackles loudly.
The killer bee stings you.
* * * LOW HITPOINT WARNING * * *
You blink. 5 killer bees come into view.
The killer bee buzzes angrily. x3; You hear an angry buzzing noise.
The killer bee stings you.
* * * LOW HITPOINT WARNING * * *
A killer bee comes into view. x2
The killer bee rages.
A killer bee comes into view.
The killer bee stings you but does no damage.
The killer bee closely misses you.
The queen bee calls on the killer bee to defend it!
The killer bee goes berserk!
The queen bee calls on the killer bee to defend it!
The killer bee goes berserk!
Your fulminant prism explodes!
The blast of energy engulfs the queen bee!!
You kill the queen bee!
The blast of energy engulfs the killer bee!!
You kill the killer bee!
The blast of energy engulfs the plant!!
The plant is moderately damaged.
The blast of energy engulfs the killer bee!!
You kill the killer bee!
The blast of energy engulfs the killer bee!!
The killer bee is almost dead.
The blast of energy engulfs the fungus!!!
The fungus is moderately damaged.
The blast of energy engulfs you!!
You die... #.###.......# ### ####.#..#....!# P# ##...#.# .y..# ## #......# y..!# .### ##.....# yy† ...#####....# yyy

......#.....# #y#
..(.......P#####y#
.......#P...##†y@##
.......##.#.....†P##
.####.##...#.†......
###...#..†.##†..#P...#
...........†§††......#
##.......#...#....####
##.##...#...#....# ##
##.####.##...# ### ###
##


You could see 10 killer bees.

Vanquished Creatures
  Harold (D:9)
  2 boulder beetles
  2 hydras
  3 two-headed ogres
  Erica (D:9)
  Urug (D:12)
  Sonja (D:10)
  A deep elf pyromancer (D:12)
  2 cyclopes
  Joseph (D:8)
  A black mamba (Lair:1)
  A cane toad (Lair:1)
  A gargoyle (D:11)
  2 komodo dragons
  3 trolls (D:11)
  A meliai (D:9)
  A queen bee (Lair:1)
  A hornet (D:9)
  A wyvern (D:9)
  3 wraiths
  17 yaks
  Grum (D:8)
  A steam dragon (D:7)
  2 vampire mosquitoes (D:10)
  2 acid dragons
  A water moccasin (D:8)
  An ice beast (D:5)
  9 orc warriors
  2 sky beasts
  An ogre (D:4)
  3 wolves (D:8)
  2 centaurs
  2 phantoms
  4 kobold brigands
  13 bullfrogs
  4 scorpions
  26 killer bees
  13 wights
  5 howler monkeys
  5 centaur zombies
  A crimson imp (D:3)
  4 jellies
  A bullfrog skeleton (D:5)
  4 hounds
  9 orc priests
  A centaur skeleton (D:5)
  Jessica (D:2)
  2 iguanas
  13 orc wizards
  A killer bee zombie (D:8)
  A howler monkey zombie (D:9)
  8 adders
  4 howler monkey skeletons
  9 gnolls
  A shadow imp (D:4)
  3 white imps
  3 ufetubi
  A worm (D:2)
  2 dart slugs (D:4)
  43 orcs
  5 endoplasms
  3 giant cockroaches
  5 hobgoblins
  5 quokkas
  5 ball pythons
  3 bats
  2 frilled lizards (D:3)
  6 goblins
  2 goblin skeletons (D:3)
  15 kobolds
  A kobold skeleton (D:3)
  3 kobold zombies (D:3)
  An orc zombie (D:3)
  3 rats
315 creatures vanquished.

Vanquished Creatures (others)
  48 fulminant prisms
  10 plants
58 creatures vanquished.

Grand Total: 373 creatures vanquished

Notes
Turn   | Place    | Note
-------+----------+-------------------------------------------
     0 | D:1      | jestyr24 the Djinni Conjurer began the quest for the Orb.
     0 | D:1      | Reached XP level 1. HP: 15/15 MP: 0/0
   383 | D:1      | Reached XP level 2. HP: 18/21 MP: 0/0
   840 | D:2      | Reached skill level 4 in Spellcasting
  1336 | D:2      | Reached XP level 3. HP: 17/25 MP: 0/0
  1336 | D:2      | Learned a level 1 spell: Shock
  1488 | D:2      | Noticed Jessica
  1490 | D:2      | Killed Jessica
  1491 | D:2      | Reached XP level 4. HP: 27/31 MP: 0/0
  1768 | D:2      | Found a hazy altar of Hepliaklqana.
  2311 | D:2      | Reached skill level 5 in Spellcasting
  2642 | D:3      | Reached XP level 5. HP: 24/35 MP: 0/0
  2642 | D:3      | Learned a level 2 spell: Wereblood
  2910 | D:3      | Found a glowing golden altar of the Shining One.
  3232 | D:3      | Noticed a phantom
  3241 | D:3      | Killed a phantom
  3242 | D:3      | Reached XP level 6. HP: 29/40 MP: 0/0
  3720 | D:3      | Found an ornate altar of the Wu Jian Council.
  4081 | D:3      | Found a faded altar of an unknown god.
  4091 | D:3      | Became a worshipper of the Shining One
  4091 | D:3      | Reached * piety under the Shining One
  4311 | D:4      | Reached skill level 6 in Spellcasting
  4575 | D:4      | Reached XP level 7. HP: 36/45 MP: 0/0
  4575 | D:4      | Learned a level 3 spell: Gell's Gravitas
  4901 | D:4      | Found Geahekuh's Magic Scroll Boutique.
  4953 | D:4      | Found a staircase to the Ecumenical Temple.
  4953 | D:4      | Reached ** piety under the Shining One
  4973 | D:4      | Reached skill level 1 in Polearms
  5664 | D:4      | Reached skill level 7 in Spellcasting
  6058 | D:5      | Entered Level 5 of the Dungeon
  6074 | D:5      | Identified Dooc Neho's Compendium of Feathery Darkness
  6171 | D:5      | Reached XP level 8. HP: 39/51 MP: 0/0
  6433 | D:5      | Reached skill level 1 in Fighting
  6656 | D:5      | Found a shadowy altar of Dithmenos.
  6728 | D:5      | Identified a scroll of acquirement
  6728 | D:5      | Acquired the +3 trident of Beyond {freeze, rF+}
  7404 | D:6      | Reached skill level 8 in Spellcasting
  7721 | D:6      | Identified the +0 leather armour of Syndicalism {Contam
                  | Int+5}
  8069 | D:7      | Reached *** piety under the Shining One
  8189 | D:7      | Reached XP level 9. HP: 52/57 MP: 0/0
  8189 | D:7      | Learned a level 3 spell: Stone Arrow
  8341 | D:7      | Reached skill level 9 in Spellcasting
  8968 | D:8      | Noticed Grum
  8974 | D:8      | Reached skill level 5 in Dodging
  9499 | D:8      | Noticed Joseph
  9508 | D:8      | Reached skill level 10 in Spellcasting
  9511 | D:8      | Killed Joseph
  9735 | D:8      | Reached XP level 10. HP: 56/64 MP: 0/0
 10712 | D:8      | Killed Grum
 10848 | D:9      | Reached skill level 11 in Spellcasting
 11031 | D:9      | Found a snail-covered altar of Cheibriados.
 11051 | D:9      | Noticed Erica
 11055 | D:9      | Noticed Harold
 11057 | D:9      | Killed Erica
 11063 | D:9      | Killed Harold
 11956 | D:9      | Reached skill level 12 in Spellcasting
 11956 | D:9      | Reached XP level 11. HP: 61/68 MP: 0/0
 11956 | D:9      | Learned a level 5 spell: Yara's Violent Unravelling
 11965 | D:9      | Identified the +1 fire dragon scales of Precision
                  | Catastrophes {+Blink +Inv rElec rF++ rC- Regen+}
 12254 | D:9      | Noticed a boulder beetle
 12277 | D:9      | Killed a boulder beetle
 12509 | D:9      | Noticed a boulder beetle
 12705 | D:9      | Found an opulent altar of Gozag.
 12724 | D:9      | Reached **** piety under the Shining One
 12939 | D:8      | Killed a boulder beetle
 12986 | D:9      | Noticed an orb spider
 12986 | D:9      | a blink frog changed into an orb spider
 12987 | D:9      | Noticed a two-headed ogre
 13103 | D:9      | Killed a two-headed ogre
 13160 | D:9      | Noticed a harpy
 13543 | D:9      | Found a sacrificial altar of Ru.
 13706 | D:10     | Entered Level 10 of the Dungeon
 13741 | D:10     | Reached skill level 1 in Armour
 13820 | D:10     | Found a bloodstained altar of Trog.
 13908 | D:10     | Found a burning altar of Makhleb.
 13913 | D:10     | Noticed Sonja
 13921 | D:10     | Killed Sonja
 14176 | D:10     | Reached skill level 5 in Fighting
 14200 | D:10     | Found a staircase to the Lair.
 14207 | D:10     | Reached XP level 12. HP: 66/81 MP: 0/0
 14656 | D:11     | Reached skill level 5 in Armour
 14927 | D:11     | Found a staircase to the Orcish Mines.
 14970 | D:11     | Found a stormy altar of Qazlal.
 15050 | D:11     | Reached ***** piety under the Shining One
 15555 | D:12     | Noticed a two-headed ogre
 15558 | D:12     | Killed a two-headed ogre
 15612 | D:12     | Noticed Urug
 15629 | D:12     | Killed Urug
 15813 | D:12     | Reached skill level 13 in Spellcasting
 15813 | D:12     | Reached skill level 1 in Evocations
 15824 | D:12     | Noticed a two-headed ogre
 15832 | D:12     | Killed a two-headed ogre
 16097 | D:12     | Noticed a fire dragon
 16102 | D:12     | Noticed a six-headed hydra
 16108 | D:12     | Found a transporter.
 16132 | D:12     | Noticed chippings's ghost (journeyman DEEE)
 16134 | D:12     | Noticed a five-headed hydra
 16144 | D:12     | Killed a five-headed hydra
 16158 | D:12     | Found a transporter.
 16495 | Lair:1   | Entered Level 1 of the Lair of Beasts
 16778 | Lair:1   | Noticed a six-headed hydra
 16784 | Lair:1   | Killed a six-headed hydra
 16975 | Lair:1   | Killed by an exploding fulminant prism

Illustrated notes

Levels and vault maps discovered:
D:1:      dpeg_arrival_tiny_f, layout_loops_ring
D:2:      minmay_inner_zag, layout_basic, basic_altar, st_stairs_11,
          uniq_jessica
D:3:      layout_basic, nicolae_tso_besieged_by_evil, old_standard_altar,
          shapermc_ecumenical_altar_gd, chequers_serial_rivers_micro_c,
          corexii_leaking_fountain, dk_vineyard_2
D:4:      layout_loops_corners, nicolae_overflow_hidden_temple,
          minmay_temple_entry_poolview, serial_shops, shop, serial_bayou_pond_b
D:5:      layout_rooms, kennysheep_mini_moat
D:6:      layout_basic, minmay_fractal_squares_gapless_5
D:7:      layout_rooms, kiku_gazebo_pond_becter
D:8:      layout_loops_corners, tgw_sif, minmay_holes,
          nicolae_underground_beach, uniq_grum, uniq_joseph
D:9:      layout_basic, old_standard_altar, lemuel_tele_altar,
          grunt_gozag_statues, minmay_pinched_square, uniq_erica, uniq_harold
D:10:     layout_roguey, nicolae_overflow_crystal_walls, bloody_trog,
          david_lair_shrubbed, hangedman_decor_push, skrybe_limestone_x,
          uniq_sonja
D:11:     layout_loops_ring, david_orc_3, nicolae_qazlal_style_of_elements
D:12:     layout_stronghold, gammafunk_ghost_berserking_beasts, uniq_urug
Lair:1:   layout_misc_corridors, special_room [special_room_bee]

Skill      XL: |  1  2  3  4  5  6  7  8  9 10 11 12 |
---------------+-------------------------------------+-----
Spellcasting   | 4 5 6 7 8 10 12 13 | 13.3
Stealth        | 2 3 4 |  4.9
Polearms       | 1 |  1.1
Fighting       | 1 2 5 6 |  6.9
Dodging        | 4 5 7 8 |  8.5
Armour         | 4 8 |  8.0
Evocations     | 2 |  2.8

Action                   |  1- 3 |  4- 6 |  7- 9 | 10-12 || total
-------------------------+-------+-------+-------+-------++-------
Melee: Spear             |       |     6 |       |       ||     6
       Trident           |       |       |     5 |       ||     5
       Short sword       |       |       |       |    33 ||    33
 Cast: Magic Dart        |    36 |    81 |    50 |       ||   167
       Searing Ray       |     1 |    16 |    48 |    22 ||    87
       Wereblood         |       |     1 |       |       ||     1
       Gell's Gravitas   |       |       |     6 |       ||     6
       Iskenderun's Myst |       |       |     3 |    14 ||    17
       Shock             |       |       |    39 |    72 ||   111
       Fulminant Prism   |       |       |    13 |    36 ||    49
       Dazzling Flash    |       |       |     1 |       ||     1
       Stone Arrow       |       |       |     4 |   176 ||   180
       Yara's Violent Un |       |       |       |     2 ||     2
 Abil: Evoke Blink       |       |       |       |     3 ||     3
  Use: Scroll            |       |       |    10 |    12 ||    22
 Stab: Sleeping          |       |     1 |       |       ||     1
Armor: Robe              |       |     1 |     3 |       ||     4
       Fire dragon scale |       |       |       |    64 ||    64
Dodge: Dodged            |     2 |     7 |    28 |    53 ||    90

Table legend: (Time is in decaauts)
 A = Elapsed time spent in this place.
 B = Non-inter-level travel time spent in this place.
 C = Inter-level travel time spent in this place.
 D = Time resting spent in this place.
 E = Time spent auto-exploring this place.
 F = Levels seen in this place.
 G = Mean time per level.
                   A        B        C        D        E       F      G
               +--------+--------+--------+--------+--------+-----+--------+
         Total |  16981 |  16222 |    759 |   5739 |   8330 |  13 | 1306.2 |
       Dungeon |  16501 |  15742 |    759 |   5695 |   7974 |  12 | 1375.1 |
          Lair |    480 |    480 |      0 |     44 |    356 |   1 |  480.0 |
               +--------+--------+--------+--------+--------+-----+--------+

Top non-repeatable levels by time:
     D:8: 2981 daAuts
     D:2: 1776 daAuts
     D:4: 1767 daAuts
     D:9: 1700 daAuts
     D:3: 1679 daAuts
     D:6: 1195 daAuts
    D:10: 1053 daAuts
     D:7: 964 daAuts
    D:11: 881 daAuts
    D:12: 856 daAuts
     D:1: 833 daAuts
     D:5: 811 daAuts
  Lair:1: 480 daAuts
